 Dungeon Crawl Stone Soup version 0.15.0-16-gce31824 (webtiles) character file.

14949 Kex the Nimble (level 11, -6/124 HPs)
             Began as a Troll Monk on Sept 6, 2014.
             Was a Plaything of Xom.
             Mangled by a five-headed hydra (12 damage)
             ... on Level 3 of the Lair of Beasts.
             The game lasted 01:10:48 (10823 turns).

Kex the Nimble (Troll Monk)                        Turns: 10823, Time: 01:10:48

HP  -6/124       AC  9     Str 25      XL: 11   Next: 95%
MP   4/4         EV 17     Int  6      God: Xom
Gold 695         SH  0     Dex 15      Spells:  1 memorised,  3 levels left

rFire  . . .     SeeInvis .       - Unarmed
rCold  . . .     Clarity  .     c - +2 robe {rN+}
rNeg   + . .     rCorr    +     (shield restricted)
rPois  +         rRot     .     H - +2 hat
rElec  .         Spirit   .     (no cloak)
SustAb .         Warding  .     (gloves unavailable)
rMut   .         Stasis   .     (boots unavailable)
Gourm  +                        B - amulet of resist corrosion
MR     .....                    t - ring of poison resistance
                                o - +4 ring of strength

@: confused, exhausted, slowed, very slow, not resistant to hostile
enchantments, very unstealthy
A: unfitting armour, claws 3, fast metabolism 3, gourmand, mutation resistance
1, regeneration 2, robust 1, saprovore 2, shaggy fur 1, tough skin 2
a: Renounce Religion


You were on level 3 of the Lair of Beasts.
You worshipped Xom.
You were a plaything of Xom.
You were very full.

You visited 3 branches of the dungeon, and saw 14 of its levels.

You collected 695 gold pieces.

Inventory:

Armour
 c - a +2 robe of positive energy (worn)
 i - a +1 cloak of darkness
 H - a +2 hat (worn)
Magical devices
 h - a wand of disintegration (15)
 j - a wand of lightning (1)
 D - a wand of fire (6)
 F - a wand of flame (4)
Comestibles
 a - a slice of pizza
 b - 7 meat rations
 f - 22 fruits
 k - 7 beef jerkies
 m - 5 bread rations
 s - a chunk of porcupine flesh
 z - 4 chunks of crocodile flesh
 G - a rotting chunk of adder flesh
 J - a royal jelly
Scrolls
 d - 2 scrolls of enchant weapon
 e - a scroll of magic mapping
 p - a scroll of identify
 r - a scroll of remove curse
 u - 5 scrolls of teleportation
 A - a scroll of recharging
Jewellery
 n - an uncursed ring of teleport control
 o - a +4 ring of strength (left claw)
 t - a ring of poison resistance (right claw)
 x - an uncursed ring of see invisible
 B - an amulet of resist corrosion (around neck)
Potions
 g - a potion of lignification
 l - 2 potions of berserk rage
 v - a potion of haste
 w - 4 potions of curing
Books
 q - a book of Maledictions

   Spells                             Type                      Level
   Corona                             Hexes                        1
   Sure Blade                         Hexes/Charms                 2
   Ensorcelled Hibernation            Hexes/Ice                    2
   Confuse                            Hexes                        3
   Dazzling Spray                     Conjuration/Hexes            3
   Enslavement                        Hexes                        4
 y - a book of Frost

   Spells                             Type                      Level
   Freeze                             Ice                          1
   Throw Frost                        Conjuration/Ice              2
   Ozocubu's Armour                   Charms/Ice                   3
   Throw Icicle                       Conjuration/Ice              4
   Summon Ice Beast                   Ice/Summoning                4
   Condensation Shield                Ice                          4


   Skills:
 + Level 8.5 Fighting
 * Level 11.8 Dodging
 - Level 1.2 Stealth
 + Level 10.6 Unarmed Combat


You had 3 spell levels left.
You knew the following spells:

 Your Spells              Type           Power        Failure   Level  Hunger
a - Orb of Destruction    Conj           #.........   100%        7    #######


Dungeon Overview and Level Annotations

Branches:
Dungeon (10/15)            Temple (1/1) D:6            Lair (3/8) D:10
    Orc: D:9-12       Swamp: Lair:3-6    Shoals: Lair:3-6     Snake: Lair:3-6
 Spider: Lair:3-6

Altars:
Ashenzari
Cheibriados
Dithmenos
Elyvilon
Fedhas
Kikubaaqudgha
Makhleb
Nemelex Xobeh
Okawaru
Qazlal
Sif Muna
Trog
Vehumet
Xom
Yredelemnul
Zin
The Shining One


Innate Abilities, Weirdness & Mutations

You are too large for most types of armour.
You have claws for hands.
Your metabolism is lightning-fast.
You like to eat raw meat.
You heal very quickly.
You can eat rotten meat.
You are covered in fur (AC +1).
You have very tough skin (AC +2).
You are somewhat resistant to further mutation.
You are robust (+10% HP).


Message History

The five-headed hydra bites you!
* * * LOW HITPOINT WARNING * * *
The yak closely misses you. 2 yaks come into view.
You scratch the crocodile.
The crocodile begins to bleed from its wounds!
The crocodile is lightly wounded.
The crocodile bites you!
* * * LOW HITPOINT WARNING * * *
The quokka bites you but does no damage.
The adder barely misses you.
The five-headed hydra closely misses you.
The five-headed hydra bites you.
* * * LOW HITPOINT WARNING * * *
The five-headed hydra barely misses you.
The five-headed hydra bites you!
* * * LOW HITPOINT WARNING * * *
The five-headed hydra bites you!
You die...
Xom cackles wildly!

.>..#P..#..........
............PY.......
+.PP........P.PYP.......
#..........P..............
...........#........# ....
+...........#.P....##.....
#..........................
#.....Yr...<%......+.
#.....S@D...%.......#
......##.t.##...........
...P...#.....##..........
.......#.......#..........
.....#......#..#........
...#..#.......##......
..#...........##.#..
.........#..# ...
..##.⌠.⌠.##..


You could see a five-headed hydra, 3 yaks, a crocodile (bleeding), an adder and
a quokka.

Vanquished Creatures
  Gastronok (Lair:2)
  A rakshasa (D:10)
  Pikel (D:6)
  A black mamba (Lair:2)
  5 spiny frogs
  Psyche (D:10)
  4 komodo dragons
  Grinder (D:5)
  5 blink frogs
  A basilisk (Lair:1)
  9 yaks
  4 wandering mushrooms (D:8)
  3 hippogriffs (Lair:1)
  Edmund (D:7)
  2 porcupines
  3 wolves (Lair:3)
  2 ice beasts
  2 sky beasts
  2 slaves (D:6)
  2 water moccasins
  A yellow wasp (D:9)
  An orc warrior (D:7)
  3 phantoms
  5 crocodiles
  3 ogres
  A big kobold (D:8)
  12 giant frogs
  2 gnoll sergeants (D:6)
  A scorpion (D:8)
  A troll zombie (D:7)
  9 killer bees
  2 oklob saplings (D:8)
  4 goliath beetles
  2 centaur zombies
  5 wights (D:7)
  7 hounds
  4 orc priests
  A crimson imp (D:6)
  A giant frog skeleton (D:6)
  A quasit (D:9)
  2 jellies
  9 orc wizards
  6 iguanas
  5 worker ants
  Jessica (D:2)
  A crocodile zombie (D:10)
  An ogre skeleton (D:5)
  38 green rats
  20 adders
  10 gnolls
  An orc zombie (D:5)
  6 shadow imps
  A giant mite (D:1)
  6 worms
  4 giant geckos
  An ooze (D:4)
  31 orcs
  A ball python (D:1)
  A bat skeleton (D:8)
  4 giant cockroaches
  17 hobgoblins
  13 jackals
  12 kobolds
  11 quokkas
  15 bats
  A giant gecko skeleton (D:8)
  9 giant newts
  5 goblins
  11 rats
  A rat skeleton (D:7)
  8 ballistomycetes
  A fungus (Lair:2)
370 creatures vanquished.

Vanquished Creatures (collateral kills)
  A hippogriff (D:9)
  An ice beast (D:9)
  An orc warrior (D:9)
  A big kobold (D:9)
  A hound (D:10)
  4 orcs (D:9)
  4 kobolds (D:9)
  A rat (D:10)
14 creatures vanquished.

Vanquished Creatures (others)
  3 crimson imps (D:10)
  2 quasits (D:10)
  An iron imp (D:10)
  3 shadow imps (D:10)
  An ufetubus (D:10)
  A kobold (D:7)
  4 giant spores
15 creatures vanquished.

Grand Total: 399 creatures vanquished

Notes
Turn   | Place    | Note
--------------------------------------------------------------
     0 | D:1      | Kex, the Troll Monk, began the quest for the Orb.
     0 | D:1      | Reached XP level 1. HP: 22/22 MP: 1/1
    39 | D:1      | Reached XP level 2. HP: 29/29 MP: 1/1
   451 | D:1      | Reached XP level 3. HP: 33/36 MP: 2/2
   840 | D:1      | Gained mutation: You are somewhat resistant to further mutation. [potion of beneficial mutation]
  1143 | D:2      | Reached XP level 4. HP: 37/44 MP: 2/2
  1202 | D:2      | Noticed Jessica
  1208 | D:2      | Killed Jessica
  1208 | D:2      | Reached skill level 5 in Unarmed Combat
  1452 | D:3      | Found a white marble altar of Elyvilon.
  1570 | D:3      | Reached XP level 5. HP: 47/53 MP: 2/2
  2073 | D:4      | Reached XP level 6. HP: 46/61 MP: 3/3
  2204 | D:4      | Found a stormy altar of Qazlal.
  2764 | D:5      | Entered Level 5 of the Dungeon
  3080 | D:5      | Noticed Grinder
  3098 | D:5      | Killed Grinder
  3098 | D:5      | Reached skill level 5 in Dodging
  3098 | D:5      | Reached skill level 6 in Unarmed Combat
  3098 | D:5      | Reached XP level 7. HP: 50/70 MP: 3/3
  3394 | D:5      | Got a scintillating granite ring
  3896 | D:6      | Found a staircase to the Ecumenical Temple.
  4127 | D:6      | Reached XP level 8. HP: 75/79 MP: 3/3
  4657 | D:6      | Reached skill level 7 in Unarmed Combat
  4716 | D:6      | Noticed Pikel
  4739 | D:6      | Killed Pikel
  4739 | D:6      | Reached skill level 5 in Fighting
  4739 | D:6      | Reached XP level 9. HP: 57/88 MP: 4/4
  5089 | Temple   | Entered the Ecumenical Temple
  5194 | Temple   | Became a worshipper of Xom of Chaos
  5233 | D:7      | XOM: potion effect (berserk rage)
  5264 | D:7      | XOM: divination: detect creatures
  5338 | D:6      | XOM: divination: detect creatures
  5515 | D:7      | XOM: harmless Erth miscast
  5593 | D:7      | XOM: potion effect (berserk rage)
  5597 | D:7      | XOM: potion effect (curing)
  5762 | D:7      | Noticed Edmund
  5777 | D:7      | Killed Edmund
  5777 | D:7      | Reached skill level 8 in Dodging
  5909 | D:7      | XOM: silly message
  5966 | D:8      | Identified the cursed ring of Ciahi {AC-3 Int+1} (You found it on level 5 of the Dungeon)
  5984 | D:8      | XOM: potion effect (curing)
  5985 | D:8      | XOM: potion effect (might)
  6029 | D:8      | XOM: potion effect (invisibility)
  6052 | D:8      | XOM: harmless Trmt miscast
  6143 | D:8      | Found a blossoming altar of Fedhas.
  6144 | D:8      | XOM: potion effect (berserk rage)
  6150 | D:8      | XOM: potion effect (heal wounds)
  6169 | D:8      | XOM: potion effect (haste)
  6295 | D:8      | XOM: divination: detect creatures
  6344 | D:8      | XOM: harmless Ice miscast
  6536 | D:8      | Reached skill level 9 in Dodging
  6544 | D:8      | Reached XP level 10. HP: 98/98 MP: 4/4
  6560 | D:8      | XOM: potion effect (invisibility)
  6630 | D:8      | XOM: potion effect (berserk rage)
  6640 | D:8      | XOM: potion effect (might)
  6920 | D:8      | XOM is BORED!
  6920 | D:8      | XOM: harmless Trmt miscast
  6938 | D:8      | XOM: potion effect (invisibility)
  7150 | D:8      | XOM: colour smoke trail
  7162 | D:8      | XOM: harmless Ice miscast
  7471 | D:9      | XOM: summons friendly sixfirhy
  7665 | D:9      | XOM: summons friendly crimson imp
  7950 | D:10     | Entered Level 10 of the Dungeon
  7961 | D:10     | Gained mutation: You are robust (+10% HP). [potion of mutation]
  8046 | D:10     | Noticed a rakshasa
  8050 | D:10     | XOM: noise
  8101 | D:10     | Found a staircase to the Lair.
  8101 | D:10     | XOM: 1-stop teleportation journey
  8112 | D:10     | XOM: noise
  8113 | D:10     | XOM: enchant monster (bad)
  8116 | D:10     | Reached skill level 10 in Dodging
  8247 | D:10     | XOM: summons 10 friendly demons
  8251 | D:10     | XOM: silly message
  8259 | D:10     | XOM: enchant monster (good)
  8268 | D:10     | Killed a rakshasa
  8268 | D:10     | XOM: summons friendly crimson imp
  8518 | D:10     | Learned a level 7 spell: Orb of Destruction
  8630 | D:10     | Reached XP level 11. HP: 116/119 MP: 4/4
  8637 | D:10     | Found a bloodstained altar of Trog.
  8771 | D:10     | Noticed Psyche
  8777 | D:10     | Killed Psyche
  8796 | D:10     | XOM: potion effect (berserk rage)
  8859 | Lair:1   | Entered Level 1 of the Lair of Beasts
  8998 | Lair:1   | XOM: potion effect (berserk rage)
  9007 | Lair:1   | XOM: confuse monster(s)
  9496 | Lair:1   | Reached skill level 11 in Dodging
 10068 | Lair:2   | XOM: noise
 10074 | Lair:2   | Reached skill level 10 in Unarmed Combat
 10089 | Lair:2   | Found a deep blue altar of Sif Muna.
 10264 | Lair:2   | XOM: polymorph adder -> killer bee
 10299 | Lair:2   | XOM: confusion (+ monsters)
 10549 | Lair:2   | Noticed Gastronok
 10553 | Lair:2   | XOM: enchant monster (good)
 10560 | Lair:2   | Killed Gastronok
 10574 | Lair:2   | Identified a scroll of acquirement
 10644 | Lair:2   | XOM: medium Tloc miscast
 10677 | Lair:3   | XOM: mild Chrm miscast
 10696 | Lair:3   | XOM: potion effect (agility)
 10797 | Lair:3   | XOM: noise
 10799 | Lair:3   | XOM: blink monster(s)
 10807 | Lair:3   | XOM: medium Chrm miscast
 10808 | Lair:3   | XOM: noise
 10814 | Lair:3   | Noticed a five-headed hydra
 10815 | Lair:3   | XOM: swap monsters
 10820 | Lair:3   | XOM: confusion
 10823 | Lair:3   | HP: 6/124 [five-headed hydra (14)]
 10823 | Lair:3   | Mangled by a five-headed hydra

Action                   |  1- 3 |  4- 6 |  7- 9 | 10-12 || total
-------------------------+-------+-------+-------+-------++-------
Melee: Unarmed           |    87 |   221 |   381 |   546 ||  1235
Evoke: Wand              |       |       |     2 |     1 ||     3
  Use: Scroll            |     5 |     4 |     5 |    15 ||    29
       Potion            |     3 |       |     2 |     6 ||    11
 Stab: Sleeping          |       |     1 |     6 |     6 ||    13
       Invisible         |       |       |     1 |     8 ||     9
       Paralysed         |       |       |       |     4 ||     4
  Eat: Chunk             |    14 |    19 |    34 |    44 ||   111
